 Dungeon Crawl Stone Soup version 0.15-a0-462-gf669498 (webtiles) character file.

568 Infinimo the Scratcher (level 6, -1/25 HPs)
             Began as a Felid Transmuter on May 7, 2014.
             Slain by an ice beast (9 damage)
             ... on Level 5 of the Dungeon.
             The game lasted 00:13:45 (5862 turns).

Infinimo the Scratcher (Felid Transmuter)           Turns: 5862, Time: 00:13:45

HP  -1/25        AC  2     Str  7      XL: 6   Next: 58%
MP  13/14        EV 18     Int 16      God:
Gold 157         SH  0     Dex 16      Spells:  2 memorised,  5 levels left
Lives: 0, deaths: 1

rFire  . . .     SeeInvis +       - Unarmed
rCold  . . .     Clarity  .     (armour unavailable)
rNeg   . . .     Conserve .     (shield unavailable)
rPois  .         rCorr    .     (helmet unavailable)
rElec  .         rRot     .     (cloak unavailable)
SustAb + .       Spirit   .     (gloves unavailable)
rMut   .         Warding  .     (boots unavailable)
Saprov . . .     Stasis   .     (no amulet)
MR     .....                    (no ring)
                                m - ring of sustain abilities

@: appendage, quick, not resistant to hostile enchantments, unstealthy
A: paw claws, no armour, no weapons or thrown items, fangs 3, horns 2, see
invisible, carnivore 3, speed 1, shaggy fur 2, slow metabolism 1, jump 2
a: Jump Attack, End Transformation


You were on level 5 of the Dungeon.
You were very hungry.
You had grown temporary horns.
You visited 1 branch of the dungeon, and saw 5 of its levels.

You collected 157 gold pieces.

Inventory:

Missiles
 b - 12 arrows
Magical devices
 i - a wand of flame (22)
 n - a wand of confusion (9)
Comestibles
 a - 2 meat rations
Scrolls
 c - a scroll of fear
 g - 4 scrolls of teleportation
 h - a scroll of remove curse
 j - 2 scrolls of identify
Jewellery
 l - an uncursed amulet of faith
 m - a ring of sustain abilities (left paw)
Potions
 e - a potion of curing
 f - 2 potions of heal wounds
 o - a potion of confusion {unknown}
 p - a potion of might
 q - a potion of restore abilities {unknown}
Books
 d - a book of Changes

   Spells                             Type                      Level
   *Beastly Appendage                 Transmutation                1
   Sticks to Snakes                   Transmutation                2
   *Spider Form                       Transmutation/Poison         3
   Ice Form                           Ice/Transmutation            4
   Blade Hands                        Transmutation                5


   Skills:
 - Level 1.0 Fighting
 - Level 3.0 Dodging
 * Level 6.8 Unarmed Combat
 - Level 2.0 Spellcasting
 + Level 5.1 Transmutations


You had 5 spell levels left.
You knew the following spells:

 Your Spells              Type           Power        Failure   Level  Hunger
a - Beastly Appendage     Trmt           ###...       2%          1    #......
b - Spider Form           Trmt/Pois      #.........   21%         3    ####...


Dungeon Overview and Level Annotations

Branches:
Dungeon (5/15)
 Temple: D:4-7

Altars:
Elyvilon
Fedhas
Vehumet
Xom

Shops:
D:4 !*}![

Annotations:
D:3 Grinder


Innate Abilities, Weirdness & Mutations

You cannot wear armour.
You are incapable of wielding weapons or throwing items.
Your paws have sharp claws.*
You have razor-sharp teeth.*
You have supernaturally acute eyesight.
You are carnivorous and can eat meat at any time.
You cover ground quickly.*
You are covered in thick fur (AC +2).*
You have a slow metabolism.
You can jump attack at a medium distance.
You have a pair of horns on your head.*


Message History

You climb upwards.
There is a stone staircase leading down here.
You start resting.
Your transformation is almost over.
You start resting.
Your horns disappear.
You start resting.
You are feeling very hungry.
You start resting.
You climb downwards.
The ice beast hits you. The ice beast freezes you!
There is a stone staircase leading up here.
Casting: Beastly Appendage
Confirm with . or Enter, or press ? or * to list all spells.
You grow a pair of large bovine horns.
You scratch the ice beast.
The ice beast is lightly wounded.
You claw the ice beast!
The ice beast is moderately wounded.
The ice beast hits you. The ice beast freezes you!
You die...

########## .
######........# o.
#)............#
..=#%)....>.....@#
...............Y##
................####
...................#
...................#
...................#
######....##########
#...## ....#


You could see an ice beast.

Vanquished Creatures
  The ghost of Infinimo the Firebug, an average GrFE (D:3)
  3 orc priests
  An orc wizard (D:3)
  4 worker ants
  Ijyb (D:2)
  Jessica (D:3)
  An orc zombie (D:3)
  6 adders
  4 gnolls (D:2)
  A worm (D:3)
  An orc skeleton (D:4)
  A giant eyeball (D:4)
  4 giant geckos
  11 orcs
  11 goblins
  10 hobgoblins
  3 jackals (D:1)
  3 oozes
  11 bats
  3 giant newts
  A hobgoblin skeleton (D:3)
  10 kobolds
  4 quokkas
  11 rats
107 creatures vanquished.

Vanquished Creatures (others)
  A big fish (D:3)
1 creature vanquished.

Grand Total: 108 creatures vanquished

Notes
Turn   | Place    | Note
--------------------------------------------------------------
     0 | D:1      | Infinimo, the Felid Transmuter, began the quest for the Orb.
     0 | D:1      | Reached XP level 1. HP: 9/9 MP: 4/4
   165 | D:1      | Reached XP level 2. HP: 2/12 MP: 3/5
  1170 | D:1      | Reached XP level 3. HP: 15/15 MP: 8/8
  1260 | D:2      | Learned a level 3 spell: Spider Form
  1271 | D:2      | Found a shimmering altar of Xom.
  1458 | D:2      | Reached skill level 4 in Unarmed Combat
  1593 | D:2      | Noticed Ijyb
  1627 | D:2      | Killed Ijyb
  1627 | D:2      | Reached XP level 4. HP: 6/19 MP: 8/10
  2589 | D:3      | Found a white marble altar of Elyvilon.
  2696 | D:3      | Noticed Infinimo's ghost (average GrFE)
  2993 | D:3      | Reached XP level 5. HP: 19/22 MP: 12/12
  3002 | D:3      | Noticed Grinder
  3018 | D:3      | Found a radiant altar of Vehumet.
  3152 | D:3      | Reached skill level 5 in Unarmed Combat
  3180 | D:3      | Noticed Jessica
  3190 | D:3      | Killed Jessica
  3675 | D:3      | Killed Infinimo's ghost
  3675 | D:3      | Gained mutation: You are covered in thick fur (AC +2). [growing up]
  3675 | D:3      | Gained mutation: You can jump attack at a medium distance. [growing up]
  3675 | D:3      | Reached XP level 6. HP: 11/25 MP: 14/14
  3677 | D:3      | Incinerated by Infinimo's ghost
  3678 | D:3      | Reached XP level 5. HP: -2/22 MP: 12/12
  4262 | D:4      | Found a blossoming altar of Fedhas.
  4458 | D:3      | Reached skill level 6 in Unarmed Combat
  4810 | D:4      | Reached XP level 6. HP: 3/25 MP: 14/14
  5098 | D:4      | Found Baoj's Assorted Antiques.
  5319 | D:4      | Found Yptod's Distillery.
  5454 | D:4      | Paralysed by a giant eyeball for 4 turns
  5463 | D:4      | Reached skill level 5 in Transmutations
  5464 | D:4      | Paralysed by a giant eyeball for 3 turns
  5470 | D:4      | Found Fyric's Antique Armour Boutique.
  5524 | D:4      | Found Etwucuen's Distillery.
  5583 | D:4      | Found Diegegex's Gadget Emporium.
  5597 | D:5      | Entered Level 5 of the Dungeon
  5862 | D:5      | Slain by an ice beast

Action                   |  1- 3 |  4- 6 || total
-------------------------+-------+-------++-------
Melee: Unarmed           |   122 |   204 ||   326
 Cast: Beastly Appendage |     5 |    22 ||    27
 Abil: Jump Attack       |     1 |       ||     1
Evoke: Wand              |       |     3 ||     3
  Use: Potion            |     1 |     6 ||     7
       Scroll            |       |    13 ||    13
 Stab: Sleeping          |     3 |     3 ||     6
       Distracted        |       |     1 ||     1
